 Dungeon Crawl Stone Soup version 0.21.1-1-g345015f (webtiles) character file.

2082 Hebeh the Cleaver (level 9, -3/81 HPs)
             Began as a Deep Dwarf Fighter on June 15, 2018.
             Was a Believer of Makhleb.
             Splashed by Maurice's acid (11 damage)
             ... on level 8 of the Dungeon.
             The game lasted 00:28:49 (4813 turns).

Hebeh the Cleaver (Deep Dwarf Fighter)              Turns: 4813, Time: 00:28:49

Health: -3/81      AC: 10    Str: 22    XL:     9   Next: 6%
Magic:  2/2        EV:  8    Int: 10    God:    Makhleb [**....]
Gold:   0          SH: 11    Dex: 12    Spells: 8/8 levels left

rFire    . . .     SeeInvis .   a - +1 war axe
rCold    + . .     Gourm    .   c - +0 shield
rNeg     . . .     Faith    .   b - +0 scale mail
rPois    .         Spirit   .   (no helmet)
rElec    .         Reflect  .   j - +0 cloak
rCorr    .         Harm     .   e - +2 pair of gloves
MR       +....                  (no boots)
Stlth    ..........             (no amulet)
HPRegen  0.00/turn              r - ring of protection from cold
MPRegen  0.08/turn              l - +2 ring of protection

@: corroded, non-regenerating
A: damage resistance, heal wounds, sense surroundings 2, no regeneration
a: Heal Wounds, Minor Destruction, Renounce Religion


You were on level 8 of the Dungeon.
You worshipped Makhleb.
Makhleb was pleased with you.
You were not hungry.

You visited 1 branch of the dungeon, and saw 8 of its levels.

Inventory:

Hand Weapons
 a - a +1 war axe (weapon)
Armour
 b - a +0 scale mail (worn)
 c - a +0 shield (worn)
 e - a +2 pair of gloves (worn)
 j - a +0 cloak (worn)
Jewellery
 l - a +2 ring of protection (right hand)
 r - a ring of protection from cold (left hand)
Wands
 i - a wand of flame (22)
 w - a wand of paralysis (15)
Scrolls
 g - 2 scrolls of identify
 h - 2 scrolls of fog
 u - a scroll of teleportation
 v - 2 scrolls of remove curse
 y - a scroll of enchant armour {unknown}
Potions
 k - 3 potions of curing
 m - 2 potions of cancellation {unknown}
 n - a potion of resistance
 o - 5 potions of haste
 p - a potion of flight {unknown}
 s - 2 potions of heal wounds
Books
 t - a book of Conjurations

   Spells                             Type                      Level
   a - Magic Dart                     Conjuration                  1
   b - Searing Ray                    Conjuration                  2
   c - Dazzling Spray                 Conjuration/Hexes            3
   d - Fulminant Prism                Conjuration/Hexes            4
   e - Force Lance                    Conjuration/Translocation    4
   f - Iskenderun's Mystic Blast      Conjuration                  4
Comestibles
 f - 18 rations
 z - 3 chunks of flesh


   Skills:
 + Level 5.5 Fighting
 * Level 8.6 Axes
 + Level 6.6 Armour
 + Level 6.7 Shields


You had 8 spell levels left.
You didn't know any spells.

Dungeon Overview and Level Annotations

Branches:
Dungeon (8/15)             Temple (0/1) D:6
   Lair: D:8-11

Altars:
Cheibriados
Elyvilon
Fedhas
Gozag
Hepliaklqana
Makhleb
Uskayaw
Wu Jian
Zin

Annotations:
D:8 Maurice


Innate Abilities, Weirdness & Mutations

You are resistant to damage.
You can heal yourself by infusing magical energy.
You passively map the area around you.
You do not regenerate.


Message History

You feel much better. Something hits you.
Something steals 397 gold pieces!
You now have 0 gold pieces.
You miss something. Something hits you!
Something mutters, "Now where did you hide it?"
You hear some strange, mumbled words.
You completely miss something. Something hits you.
Something mutters, "Now where did you hide it?"
You hear some strange, mumbled words.
You see here a wand of flame (32).
Found a scroll labeled OCHEIL FIJEOS.
You see here a scroll of fog.
You are no longer corroded.
Something hits you but does no damage.
You hear some strange, mumbled words.
You hear a zap.
A bolt of acid appears from out of thin air!
The bolt of acid hits you!
* * * LOW HITPOINT WARNING * * *
The acid corrodes you!
You are splashed with acid!
The acid burns!
You die...

..## ....##...... ,
#.#?.##...........* *
, ...................
,
#.#..##..#.........*
* ,,
,#.##...............
*,,,,.....#..##?.# *
* *,,.###.....?...#*,
, , * .............#
* ,, * ...........@.#
* ,, ,,##...../....#
, , , ,
.....###....###.#. ,
,
,,,.....###..#†......
, , ,
,.................. ,
, , ...###..###.###.
, , , *# , #<.....# *
,, ,,***
#......###...# * , *
#.###....,, .. * *,


There were no monsters in sight!

Vanquished Creatures
  The ghost of pTCGFNYNwU3Fd6TS the Grappler, a novice TrBe of Trog (D:7)
  Sigmund (D:5)
  An ogre (D:7)
  A necrophage (D:7)
  A centaur (D:7)
  A big kobold (D:7)
  4 bullfrogs
  2 scorpions
  A bullfrog zombie (D:7)
  A crimson imp (D:6)
  A hound (D:8)
  An orc priest (D:7)
  7 orc wizards
  A bullfrog skeleton (D:4)
  A centaur skeleton (D:8)
  An iguana (D:6)
  Ijyb (D:4)
  5 worker ants
  A hound zombie (D:6)
  6 adders
  A river rat (D:4)
  An adder skeleton (D:4)
  3 worms
  3 dart slugs
  2 leopard geckos (D:2)
  22 orcs
  12 bats
  7 giant cockroaches
  7 hobgoblins
  6 jackals
  6 quokkas
  A ball python (D:2)
  6 frilled lizards
  11 goblins
  12 kobolds
  A leopard gecko skeleton (D:5)
  A quokka skeleton (D:4)
  8 rats
149 creatures vanquished.

Vanquished Creatures (others)
  A leopard gecko (D:5)
1 creature vanquished.

Grand Total: 150 creatures vanquished

Notes
Turn   | Place    | Note
-------+----------+-------------------------------------------
     0 | D:1      | Hebeh the Deep Dwarf Fighter began the quest for the Orb.
     0 | D:1      | Reached XP level 1. HP: 20/20 MP: 1/1
   269 | D:1      | Reached XP level 2. HP: 24/27 MP: 2/2
   477 | D:2      | Reached skill level 3 in Axes
   494 | D:2      | Reached XP level 3. HP: 26/33 MP: 3/3
   784 | D:2      | Reached XP level 4. HP: 42/42 MP: 3/3
  1420 | D:3      | Found a hazy altar of Hepliaklqana.
  1464 | D:3      | Found a burning altar of Makhleb.
  1466 | D:3      | Found a glowing silver altar of Zin.
  1469 | D:3      | Found a white marble altar of Elyvilon.
  1474 | D:3      | Became a worshipper of Makhleb the Destroyer
  1701 | D:3      | Found an ornate altar of the Wu Jian Council.
  1874 | D:3      | Reached skill level 4 in Axes
  1874 | D:3      | Reached XP level 5. HP: 46/49 MP: 3/3
  2425 | D:4      | Noticed Ijyb
  2434 | D:4      | Reached * piety under Makhleb
  2449 | D:4      | Killed Ijyb
  2449 | D:4      | Reached XP level 6. HP: 33/57 MP: 4/4
  2950 | D:5      | Entered Level 5 of the Dungeon
  3002 | D:5      | Reached skill level 5 in Axes
  3009 | D:5      | Found an opulent altar of Gozag.
  3119 | D:5      | Noticed Sigmund
  3135 | D:5      | Killed Sigmund
  3135 | D:5      | Reached XP level 7. HP: 64/64 MP: 5/5
  3163 | D:5      | Found a snail-covered altar of Cheibriados.
  3290 | D:5      | Reached skill level 5 in Shields
  3306 | D:5      | Found a hide-covered altar of Uskayaw.
  3435 | D:5      | Reached skill level 5 in Armour
  3578 | D:6      | Found a blossoming altar of Fedhas.
  3637 | D:6      | Reached skill level 6 in Axes
  3959 | D:6      | Reached ** piety under Makhleb
  4031 | D:6      | Found a staircase to the Ecumenical Temple.
  4187 | D:7      | Noticed pTCGFNYNwU3Fd6TS's ghost (novice TrBe)
  4188 | D:7      | Reached XP level 8. HP: 46/73 MP: 6/6
  4200 | D:7      | Reached skill level 7 in Axes
  4252 | D:7      | Killed pTCGFNYNwU3Fd6TS's ghost
  4252 | D:7      | Reached skill level 5 in Fighting
  4252 | D:7      | Reached skill level 8 in Axes
  4453 | D:7      | Gained mutation: You passively map the area around you. [Deep Dwarf growth]
  4453 | D:7      | Reached XP level 9. HP: 68/81 MP: 4/4
  4776 | D:8      | Noticed Maurice
  4784 | D:8      | HP: 1/81 [acid (14)]
  4813 | D:8      | Splashed by Maurice's acid

Skill      XL: |  1  2  3  4  5  6  7  8 |
---------------+-------------------------+-----
Axes           | 3 4 5 6 8 |  8.6
Fighting       | 3 4 5 |  5.5
Armour         | 4 5 6 |  6.6
Shields        | 4 5 6 |  6.7

Action                   |  1- 3 |  4- 6 |  7- 9 || total
-------------------------+-------+-------+-------++-------
Melee: War axe           |   137 |   248 |   212 ||   597
 Abil: Heal Wounds       |     1 |     7 |    14 ||    22
  Use: Scroll            |       |     4 |    11 ||    15
       Potion            |       |       |     2 ||     2
  Eat: Chunk             |       |     8 |     6 ||    14
Armor: Scale mail        |    94 |   141 |   123 ||   358
Dodge: Dodged            |    50 |    67 |    77 ||   194
Block: Shield            |   104 |   148 |   125 ||   377
